 Dungeon Crawl Stone Soup version 0.28-a0-1334-g1c9ffb4daf (webtiles) character file.

Game seed: 15565480437641175235

1538 Grim the Gouger (level 8, 34/34 HPs)
             Began as a Felid Berserker on Dec 28, 2021.
             Was a Priest of Trog.
             Quit the game on level 7 of the Dungeon.
             The game lasted 00:09:57 (10040 turns).

Grim the Gouger (Felid Berserker)                  Turns: 10040, Time: 00:09:58

Health: 34/34      AC:  2    Str: 15    XL:     8   Next: 56%
Magic:  9/9        EV: 23    Int: 17    God:    Trog [***...]
Gold:   540        SH:  0    Dex: 15    Spells: 7/7 levels left
                                        Lives:  1   Deaths: 1

rFire   . . .      SeeInvis +     - Unarmed
rCold   . . .      Faith    .   (shield unavailable)
rNeg    . . .      Spirit   .   (armour unavailable)
rPois   .          Reflect  .   (helmet unavailable)
rElec   .          Harm     .   (cloak unavailable)
rCorr   +          Rampage  .   (gloves unavailable)
Will    +....                   (boots unavailable)
Stlth   +.........              (no amulet)
HPRegen 0.11/turn               j - +6 ring of intelligence
MPRegen 0.11/turn               q - ring of resist corrosion

@: quick
A: very small, claws 1, fangs 3, see invisible, speed 1, shaggy fur 2, stealthy
paws, no weapons or thrown items, no armour, multi-lived
a: Renounce Religion, Berserk, Trog's Hand


You were on level 7 of the Dungeon.
You worshipped Trog.
Trog was most pleased with you.
You visited 1 branch of the dungeon, and saw 8 of its levels.

You collected 540 gold pieces.

Inventory:

Hand Weapons
 k - a +0 club
Jewellery
 j - a +6 ring of intelligence (left paw)
 q - a ring of resist corrosion (right paw)
Wands
 n - a wand of paralysis (4)
 p - a wand of polymorph (10)
 r - a wand of digging (3)
 A - a wand of iceblast (4)
Scrolls
 a - 7 scrolls of identify {unknown}
 c - 4 scrolls of teleportation {unknown}
 d - a scroll of acquirement {unknown}
 e - a scroll of summoning {unknown}
 f - 2 scrolls of fog {unknown}
 h - a scroll of torment {unknown}
 o - a scroll of silence {unknown}
 t - 2 scrolls of enchant weapon {unknown}
 u - a scroll of vulnerability {unknown}
 x - a scroll of amnesia {unknown}
 y - a scroll of blinking {unknown}
Potions
 b - 2 potions of heal wounds {unknown}
 g - 3 potions of curing
 i - a potion of might {unknown}
 l - 2 potions of invisibility {unknown}
 m - 2 potions of berserk rage {unknown}
 s - 3 potions of brilliance {unknown}
 v - a potion of resistance {unknown}
 w - a potion of degeneration {unknown}
 z - a potion of magic {unknown}


   Skills:
 - Level 3.0 Fighting
 + Level 10.8 Dodging
 * Level 11.4 Unarmed Combat


You had 7 spell levels left.
You didn't know any spells.
Your spell library was empty.

Dungeon Overview and Level Annotations

Branches:
Dungeon (8/15)             Temple (0/1) D:6
   Lair: D:8-11

Altars:

Shops:
D:3 =[   D:7 !

Annotations:
D:2 Natasha
D:8 Grum


Innate Abilities, Weirdness & Mutations

You have sharp claws.
You have razor-sharp teeth.
You have supernaturally acute eyesight. (SInv)
You cover ground quickly. (Speed+)
You are covered in thick fur. (AC +2)
Your paws help you pounce on unaware monsters.
You are incapable of wielding weapons or throwing items.
You cannot wear armour.
You gain extra lives every three experience levels.


Message History

* * * LOW HITPOINT WARNING * * *
You claw the killer bee!
The killer bee is heavily wounded.
The killer bee closely misses you. The wolf barely misses you.
You mangle the killer bee!!
You kill the killer bee!
Trog accepts your kill. The orc hits you with a +0 flail.
* * * LOW HITPOINT WARNING * * *
The wolf closely misses you.
You claw the wolf!
You kill the wolf!
Trog accepts your kill. The wolf bites you!
* * * LOW HITPOINT WARNING * * *
You miss the wolf. The orc misses you. The wolf misses you.
The wolf closely misses you.
You barely miss the wolf. The wolf closely misses you. The wolf misses you.
The orc misses you.
You barely miss the wolf. Your claw misses the wolf. The wolf misses you.
You completely miss the wolf.
Your skin stops crawling.
You feel less strong-willed. The wolf misses you. The orc closely misses you.
You barely miss the wolf. You bite the wolf.
The wolf is lightly wounded.
The wolf completely misses you. The wolf misses you.
You miss the wolf.
The wolf is lightly wounded.
The wolf bites you.
* * * LOW HITPOINT WARNING * * *
The wolf closely misses you. The orc completely misses you.
You closely miss the wolf.
The wolf is lightly wounded.
The wolf bites you.
* * * LOW HITPOINT WARNING * * *
The wolf bites you.
You die...
You are now level 8!
You rejoin the land of the living...
Are you sure you want to abandon this character and quit the game? (Confirm with "yes".)

# #.# #.# #......# #.#
#.# #.# #.###### #.. #.#
#.# #.# ### ######.#
#######.####.# #.o>##.#
#............###########
..hh##.#
#.#####.####.#.......>.#
#...##.# #.# #.#
#.#.#######..
##.###.###.# #.####.#.##
####.# #.# #...#.#
#@#..)....# #....# #.#
###.#.#
#.#.#####.###.##.# ##.#
#.#.# ###...# #.........
...# #.#.# #.....#
#.......## #### #.#.#
#.###.# #.#####.## #.#.#
#.# #.#####.# #.## #.#.#
#.# #.......# #...
#.#.###.######.##.# ####
#.#............##.# #


There were no monsters in sight!

Vanquished Creatures
  A troll (D:6)
  3 steam dragons (D:7)
  A water moccasin (D:5)
  2 sky beasts
  An orc warrior (D:6)
  An ice beast (D:6)
  A black bear (D:5)
  2 ogres
  A wolf (D:7)
  A centaur (D:6)
  3 phantoms
  A bullfrog (D:7)
  A water moccasin zombie (D:5)
  2 scorpions
  A wyvern skeleton (D:5)
  A water moccasin skeleton (D:5)
  3 killer bees (D:7)
  A centaur zombie (D:7)
  A bullfrog zombie (D:6)
  A hound (D:6)
  A bullfrog skeleton (D:6)
  4 jellies
  3 orc priests
  Ijyb (D:3)
  An iguana (D:7)
  A scorpion zombie (D:5)
  Natasha (twice) (D:2)
  5 orc wizards (D:6)
  A killer bee zombie (D:6)
  Robin (D:3)
  9 adders
  2 white imps
  2 ufetubi
  2 adder skeletons
  2 worms (D:3)
  2 dart slugs
  12 orcs
  4 bats
  9 endoplasms
  5 giant cockroaches
  17 goblins
  8 hobgoblins
  6 jackals (D:3)
  4 quokkas
  13 ball pythons
  4 frilled lizards
  9 kobolds
  2 rats
161 creatures vanquished.

Vanquished Creatures (others)
  An ufetubus (D:7)
1 creature vanquished.

Grand Total: 162 creatures vanquished

Notes
Turn   | Place    | Note
-------+----------+-------------------------------------------
     0 | D:1      | Grim the Felid Berserker began the quest for the Orb.
     0 | D:1      | Reached XP level 1. HP: 10/10 MP: 2/2
   103 | D:1      | Reached XP level 2. HP: 14/14 MP: 3/3
   394 | D:1      | Found a faded altar of an unknown god.
   814 | D:1      | Reached XP level 3. HP: 8/17 MP: 4/4
  1156 | D:2      | Reached skill level 4 in Unarmed Combat
  1424 | D:2      | Noticed Natasha
  1430 | D:2      | Killed Natasha
  1431 | D:2      | Reached skill level 5 in Dodging
  1431 | D:2      | Reached XP level 4. HP: 7/21 MP: 5/5
  1648 | D:2      | Noticed Natasha
  1656 | D:2      | Killed Natasha
  1949 | D:2      | Noticed Natasha
  2202 | D:3      | Found Qatsah's Jewellery Shop.
  2341 | D:3      | Noticed Robin
  2351 | D:3      | Killed Robin
  2357 | D:3      | Reached skill level 5 in Unarmed Combat
  2357 | D:3      | Reached ** piety under Trog
  2362 | D:3      | Reached XP level 5. HP: 24/24 MP: 6/6
  3275 | D:3      | Noticed Ijyb
  3288 | D:3      | Killed Ijyb
  3678 | D:3      | Found Haofits's Armour Shop.
  3826 | D:4      | Noticed a phantom
  3835 | D:4      | Killed a phantom
  3836 | D:4      | Reached skill level 6 in Unarmed Combat
  3836 | D:4      | Gained mutation: You are covered in thick fur. (AC +2)
                  | [Felid growth]
  3836 | D:4      | Reached XP level 6. HP: 18/28 MP: 7/7
  4378 | D:4      | Reached *** piety under Trog
  5029 | D:5      | Entered Level 5 of the Dungeon
  5625 | D:5      | Reached XP level 7. HP: 31/31 MP: 8/8
  5666 | D:5      | Reached skill level 7 in Unarmed Combat
  6362 | D:5      | Reached skill level 8 in Unarmed Combat
  6773 | D:5      | Reached XP level 8. HP: 31/34 MP: 9/9
  7520 | D:6      | Noticed a troll
  7522 | D:6      | Found the +18 Lear's hauberk
  7533 | D:6      | Killed a troll
  7534 | D:6      | Reached skill level 9 in Unarmed Combat
  7697 | D:6      | Found a staircase to the Ecumenical Temple.
  8096 | D:6      | Reached skill level 10 in Unarmed Combat
  8605 | D:6      | Reached XP level 9. HP: 35/37 MP: 10/10
  8937 | D:7      | Reached skill level 10 in Dodging
  9690 | D:7      | Found Uxziut's Distillery.
  9705 | D:7      | Reached skill level 11 in Unarmed Combat
 10008 | D:8      | Noticed Grum
 10039 | D:7      | HP: 2/55 [wolf[Grum] (3)]
 10039 | D:7      | Slain by a wolf
 10040 | D:7      | Reached XP level 8. HP: -1/51 MP: 9/9
 10040 | D:7      | Quit the game

Illustrated notes

Levels and vault maps discovered:
D:1:      lordsloth_arrival_two_stooges, layout_basic,
          hellmonk_ecumenical_altar_blasted
D:2:      layout_basic, wander_ebering_terrifying_dragon_lair, uniq_natasha
D:3:      kennysheep_goblin_castle, layout_basic, serial_shops, shop_fountains,
          nicolae_shop_crystal, minmay_circle_x, uniq_robin
D:4:      layout_layer_cave
D:5:      layout_gridville
D:6:      layout_basic, minmay_temple_entry_hall, hellmonk_guarded_unrand_lears
D:7:      layout_loops_ring, serial_shops, shop_coins
D:8:      layout_basic, enter_bailey_5, uniq_grum

Skill      XL: |  1  2  3  4  5  6  7  8  9 |
---------------+----------------------------+-----
Unarmed Combat | 4 5 6 8 10 11 | 11.4
Dodging        | 5 6 8 9 10 | 10.8
Fighting       | |  3.0

Action                   |  1- 3 |  4- 6 |  7- 9 || total
-------------------------+-------+-------+-------++-------
Melee: Unarmed           |    76 |   181 |   265 ||   522
       Bite              |     6 |    18 |    25 ||    49
       Punch             |     2 |     4 |    10 ||    16
Invok: Berserk           |     2 |     4 |     9 ||    15
       Trog's Hand       |       |       |     3 ||     3
  Use: Potion            |       |       |     1 ||     1
 Stab: Sleeping          |     1 |       |       ||     1
Armor: Skin              |     5 |     7 |    10 ||    22
Dodge: Dodged            |    49 |   147 |   250 ||   446

Table legend: (Time is in decaauts)
 A = Elapsed time spent in this place.
 B = Non-inter-level travel time spent in this place.
 C = Inter-level travel time spent in this place.
 D = Time resting spent in this place.
 E = Time spent auto-exploring this place.
 F = Levels seen in this place.
 G = Mean time per level.
                   A        B        C        D        E       F      G
               +--------+--------+--------+--------+--------+-----+--------+
         Total |   9172 |   8954 |    218 |   2919 |   4967 |   8 | 1146.5 |
       Dungeon |   9172 |   8954 |    218 |   2919 |   4967 |   8 | 1146.5 |
               +--------+--------+--------+--------+--------+-----+--------+

Top non-repeatable levels by time:
     D:5: 1832 daAuts
     D:6: 1820 daAuts
     D:3: 1474 daAuts
     D:4: 1054 daAuts
     D:2: 1024 daAuts
     D:7: 1017 daAuts
     D:1: 944 daAuts
     D:8: 4 daAuts
